ORI
MISSISSIPPI STATE UNIVERSITY BULLDOGS @ UNIVERSITY OF MINNESOTA GOLDEN GOPHERS
12/13/2044
 
TOP OF THE 1ST
Mississippi State University Bulldogs batting - Pitching for University of Minnesota Golden Gophers : RHP Josh Wellman
Pitching: RHP Josh Wellman
Batting: RHB George Wagner 0-0: Ball
1-0: Foul Ball, location: 2F
1-1: Called Strike
1-2: Ball
2-2: Ball
3-2: Strikes out swinging
Batting: RHB Mike Bearden 0-0: Called Strike
0-1: Called Strike
0-2: Foul Ball, location: 2F
0-2: Ball
1-2: Strikes out swinging
Batting: LHB Dusty Bryant 0-0: Called Strike
0-1: Foul Ball, location: 2F
0-2: Strikes out swinging
Top of the 1st over - 0 runs, 0 hits, 0 errors, 0 left on base; Mississippi State University 0 - University of Minnesota 0
BOTTOM OF THE 1ST
University of Minnesota Golden Gophers batting - Pitching for Mississippi State University Bulldogs : RHP Nick Mistretta
Pitching: RHP Nick Mistretta
Batting: RHB Willie Camacho 0-0: Swinging Strike
0-1: Called Strike
0-2: Ball
1-2: Ball
2-2: Ball
3-2: Foul Ball, location: 2F
3-2: Base on Balls
Batting: LHB Dean Bloemendal 0-0: Swinging Strike
0-1: Foul Ball, location: 2F
0-2: Ball
1-2: Ball
2-2: Foul Ball, location: 2F
2-2: Ball
3-2: Grounds into double play, 6-4-3 (Groundball, 6, EV 87.5 MPH)
Batting: RHB Roberto Rios 0-0: SINGLE (Line Drive, 34, EV 105.0 MPH)
Batting: RHB Benjie Alejandro 0-0: Called Strike
0-1: Ground out 4-3 (Groundball, 4, EV 110.0 MPH)
Bottom of the 1st over - 0 runs, 1 hit, 0 errors, 1 left on base; Mississippi State University 0 - University of Minnesota 0
TOP OF THE 2ND
Mississippi State University Bulldogs batting - Pitching for University of Minnesota Golden Gophers : RHP Josh Wellman
Batting: RHB Xiao-shuang Au 0-0: Called Strike
0-1: Called Strike
0-2: Fly out, F3 (Popup, 3SF, EV 76.9 MPH)
Batting: RHB Alain Marquet 0-0: Ball
1-0: Foul Ball, location: 2F
1-1: Foul Ball, location: 2F
1-2: Ball
2-2: Foul Ball, location: 2F
2-2: Foul Ball, location: 2F
2-2: Foul Ball, location: 2F
2-2: Ball
3-2: DOUBLE (Line Drive, 3D, EV 98.1 MPH)
Batting: LHB Dave Carlisle 0-0: Ball
1-0: Ball
2-0: Called Strike
2-1: Ball
3-1: Called Strike
3-2: Foul Ball, location: 2F
3-2: Foul Ball, location: 2F
3-2: Base on Balls
Batting: RHB Justin Young 0-0: Swinging Strike
0-1: Foul Ball, location: 2F
0-2: Fielders Choice at 2nd, 3-6 (Groundball, 34, EV 87.5 MPH)
Alain Marquet to third
Batting: LHB Afanasy Zasekin 0-0: Called Strike
0-1: Foul Ball, location: 2F
Balk!
Alain Marquet scores
Justin Young to second
0-2: Strikes out swinging
Top of the 2nd over - 1 run, 1 hit, 0 errors, 1 left on base; Mississippi State University 1 - University of Minnesota 0
BOTTOM OF THE 2ND
University of Minnesota Golden Gophers batting - Pitching for Mississippi State University Bulldogs : RHP Nick Mistretta
Batting: SHB J.T. Ready 0-0: Foul Ball, location: 2F
0-1: Swinging Strike
0-2: Strikes out swinging
Batting: RHB Curtis Montgomery 0-0: Ball
1-0: Ball
2-0: Foul Ball, location: 2F
2-1: Foul Ball, location: 2F
2-2: Foul Ball, location: 2F
2-2: Strikes out swinging
Batting: RHB Ramiro Vega 0-0: Called Strike
0-1: Swinging Strike
0-2: Strikes out looking
Bottom of the 2nd over - 0 runs, 0 hits, 0 errors, 0 left on base; Mississippi State University 1 - University of Minnesota 0
TOP OF THE 3RD
Mississippi State University Bulldogs batting - Pitching for University of Minnesota Golden Gophers : RHP Josh Wellman
Batting: SHB Dylan Best 0-0: Ball
1-0: Called Strike
1-1: DOUBLE (Line Drive, 3D, EV 102.5 MPH)
Batting: RHB George Wagner 0-0: Ball
1-0: Swinging Strike
1-1: Foul Ball, location: 2F
1-2: Ball
2-2: Ball
3-2: DOUBLE (Groundball, 5L, EV 107.5 MPH)
Dylan Best scores
Batting: RHB Mike Bearden 0-0: Ball
1-0: Called Strike
1-1: Ball
2-1: Foul Ball, location: 2F
2-2: Foul Ball, location: 2F
2-2: Fly out, F8 (Flyball, 8LXD, EV 98.8 MPH)
Runner from 2nd tags up, SAFE at 3rd, no throw by CF
Batting: LHB Dusty Bryant 0-0: Called Strike
0-1: Ball
1-1: Ground out 4-3 (Groundball, 4M, EV 103.8 MPH)
George Wagner scores
Batting: RHB Xiao-shuang Au 0-0: Ball
1-0: Swinging Strike
1-1: Foul Ball, location: 2F
1-2: Ground out 5-3 (Groundball, 5, EV 83.1 MPH)
Top of the 3rd over - 2 runs, 2 hits, 0 errors, 0 left on base; Mississippi State University 3 - University of Minnesota 0
BOTTOM OF THE 3RD
University of Minnesota Golden Gophers batting - Pitching for Mississippi State University Bulldogs : RHP Nick Mistretta
Batting: RHB Eric Tesler 0-0: Ball
1-0: Swinging Strike
1-1: Called Strike
1-2: Foul Ball, location: 2F
1-2: Strikes out swinging
Batting: RHB Rodolfo Cosme 0-0: Foul Ball, location: 2F
0-1: Ball
1-1: Ball
2-1: Ball
3-1: Called Strike
3-2: Foul Ball, location: 2F
3-2: Ground out 6-3 (Groundball, 6, EV 81.9 MPH)
Batting: RHB Willie Camacho 0-0: Ball
1-0: Swinging Strike
1-1: Ball
2-1: Fly out, F8 (Flyball, 8LD, EV 100.0 MPH)
Bottom of the 3rd over - 0 runs, 0 hits, 0 errors, 0 left on base; Mississippi State University 3 - University of Minnesota 0
TOP OF THE 4TH
Mississippi State University Bulldogs batting - Pitching for University of Minnesota Golden Gophers : RHP Josh Wellman
Batting: RHB Alain Marquet 0-0: Ball
1-0: Swinging Strike
1-1: Ball
2-1: Called Strike
2-2: Foul Ball, location: 2F
2-2: Ball
3-2: Foul Ball, location: 2F
3-2: Fly out, F9 (Flyball, 9D, EV 99.4 MPH)
Batting: LHB Dave Carlisle 0-0: Ball
1-0: Ball
2-0: Ball
3-0: Called Strike
3-1: Base on Balls
Pitching: RHP Faradur Bhutani
Batting: RHB Justin Young 0-0: Ball
1-0: SINGLE (Groundball, 4MD, EV 96.9 MPH)
Dave Carlisle to second
Runner from 2nd tries for 3rd, SAFE, throw by CF made to third
Batting: LHB Afanasy Zasekin 0-0: Ball
1-0: Called Strike
1-1: Foul Ball, location: 2F
1-2: Foul Ball, location: 2F
1-2: Foul Ball, location: 2F
1-2: Ball
2-2: Ball
3-2: Foul Ball, location: 2F
3-2: Base on Balls
Justin Young to second
Batting: SHB Dylan Best 0-0: Ball
1-0: Foul Ball, location: 2F
1-1: Called Strike
1-2: Fly out, F7 (Flyball, 7S, EV 84.4 MPH)
Batting: RHB George Wagner 0-0: Called Strike
0-1: Foul Ball, location: 2F
0-2: Foul Ball, location: 2F
0-2: Ball
1-2: Foul Ball, location: 2F
1-2: Ground out 4-3 (Groundball, 4, EV 105.6 MPH)
Top of the 4th over - 0 runs, 1 hit, 0 errors, 3 left on base; Mississippi State University 3 - University of Minnesota 0
BOTTOM OF THE 4TH
University of Minnesota Golden Gophers batting - Pitching for Mississippi State University Bulldogs : RHP Nick Mistretta
Batting: LHB Dean Bloemendal 0-0: Ball
1-0: Called Strike
1-1: Foul Ball, location: 2F
1-2: Foul Ball, location: 2F
1-2: Strikes out looking
Batting: RHB Roberto Rios 0-0: Ball
1-0: Called Strike
1-1: Called Strike
1-2: Foul Ball, location: 2F
1-2: Ball
2-2: Foul Ball, location: 2F
2-2: Strikes out swinging
Batting: RHB Benjie Alejandro 0-0: Called Strike
0-1: Ball
1-1: Ball
2-1: SINGLE (Groundball, 4MD, EV 108.1 MPH)
Batting: SHB J.T. Ready 0-0: Foul Ball, location: 2F
0-1: Called Strike
0-2: Foul Ball, location: 2F
0-2: Foul Ball, location: 2F
0-2: Ground out 4-3 (Groundball, 4, EV 86.3 MPH)
Bottom of the 4th over - 0 runs, 1 hit, 0 errors, 1 left on base; Mississippi State University 3 - University of Minnesota 0
TOP OF THE 5TH
Mississippi State University Bulldogs batting - Pitching for University of Minnesota Golden Gophers : RHP Faradur Bhutani
Batting: RHB Mike Bearden 0-0: Called Strike
0-1: Ball
1-1: Fly out, F8 (Line Drive, 8RM, EV 93.8 MPH)
Batting: LHB Dusty Bryant 0-0: Ball
1-0: Foul Ball, location: 2F
1-1: Ball
2-1: Foul Ball, location: 2F
2-2: SINGLE (Line Drive, 9LS, EV 110.0 MPH)
Batting: RHB Xiao-shuang Au 0-0: SINGLE (Line Drive, 78S, EV 100.6 MPH)
Dusty Bryant to second
Batting: RHB Alain Marquet 0-0: Called Strike
0-1: Foul Ball, location: 2F
0-2: Fielders Choice at 2nd, 5-4 (Groundball, 56, EV 88.8 MPH)
Dusty Bryant to third
Batting: LHB Dave Carlisle 0-0: Foul Ball, location: 2F
0-1: Swinging Strike
0-2: Ball
1-2: Foul Ball, location: 2F
1-2: Ball
2-2: Foul Ball, location: 2F
2-2: Strikes out swinging
Top of the 5th over - 0 runs, 2 hits, 0 errors, 2 left on base; Mississippi State University 3 - University of Minnesota 0
BOTTOM OF THE 5TH
University of Minnesota Golden Gophers batting - Pitching for Mississippi State University Bulldogs : RHP Nick Mistretta
Batting: RHB Curtis Montgomery 0-0: Ball
1-0: Ground out 4-3 (Groundball, 34D, EV 105.0 MPH)
Batting: RHB Ramiro Vega 0-0: Ball
1-0: Ball
2-0: Called Strike
2-1: Ball
3-1: Ground out 4-3 (Groundball, 4, EV 88.8 MPH)
Batting: RHB Eric Tesler 0-0: Ball
1-0: Foul Ball, location: 2F
1-1: Ground out 6-3 (Groundball, 6, EV 85.0 MPH)
Bottom of the 5th over - 0 runs, 0 hits, 0 errors, 0 left on base; Mississippi State University 3 - University of Minnesota 0
TOP OF THE 6TH
Mississippi State University Bulldogs batting - Pitching for University of Minnesota Golden Gophers : RHP Faradur Bhutani
Batting: RHB Justin Young 0-0: Ball
1-0: Ball
2-0: Swinging Strike
2-1: Ball
3-1: Base on Balls
Pitching: RHP Murilo Selo
Batting: LHB Afanasy Zasekin 0-0: Ball
1-0: Called Strike
1-1: Ball
2-1: Foul Ball, location: 2F
2-2: Ball
3-2: Foul Ball, location: 2F
3-2: Fly out, F8 (Flyball, 89S, EV 81.9 MPH)
Batting: SHB Dylan Best 0-0: Ball
1-0: Ball
2-0: Foul Ball, location: 2F
2-1: Ball
3-1: Base on Balls
Justin Young to second
Batting: RHB George Wagner 0-0: Swinging Strike
0-1: Called Strike
0-2: Ball
1-2: Ball
2-2: Ball
3-2: Base on Balls
Justin Young to third
Dylan Best to second
Batting: RHB Mike Bearden 0-0: Grounds into fielders choice 4-2 (Groundball, 4, EV 85.6 MPH)
Dylan Best to third
George Wagner to second
Batting: LHB Dusty Bryant 0-0: Called Strike
0-1: Ball
1-1: Foul Ball, location: 2F
1-2: Strikes out swinging
Top of the 6th over - 0 runs, 0 hits, 0 errors, 3 left on base; Mississippi State University 3 - University of Minnesota 0
BOTTOM OF THE 6TH
University of Minnesota Golden Gophers batting - Pitching for Mississippi State University Bulldogs : RHP Nick Mistretta
Pitching: LHP John Schmidt
Batting: RHB Rodolfo Cosme 0-0: Ball
1-0: Ball
2-0: Ground out 5-3 (Groundball, 5, EV 84.4 MPH)
Batting: RHB Willie Camacho 0-0: Ball
1-0: Ball
2-0: Ball
3-0: Base on Balls
Batting: LHB Dean Bloemendal 0-0: Called Strike
0-1: Swinging Strike
0-2: Ball
1-2: Strikes out swinging
Batting: RHB Roberto Rios 0-0: Called Strike
0-1: Called Strike
0-2: Ball
1-2: Foul Ball, location: 2F
1-2: Strikes out swinging
Bottom of the 6th over - 0 runs, 0 hits, 0 errors, 1 left on base; Mississippi State University 3 - University of Minnesota 0
TOP OF THE 7TH
Mississippi State University Bulldogs batting - Pitching for University of Minnesota Golden Gophers : RHP Murilo Selo
Batting: RHB Xiao-shuang Au 0-0: Ball
1-0: Ball
2-0: Called Strike
2-1: Foul Ball, location: 2F
2-2: Ball
3-2: SOLO HOME RUN (Flyball, 78XD, EV 103.8 MPH), Distance : 407 ft
Batting: RHB Alain Marquet 0-0: Called Strike
0-1: Ball
1-1: Ball
2-1: Foul Ball, location: 2F
2-2: Foul Ball, location: 2F
2-2: Ball
3-2: Foul Ball, location: 2F
3-2: Ground out 6-3 (Groundball, 6S, EV 81.3 MPH)
Batting: LHB Dave Carlisle 0-0: Called Strike
0-1: Called Strike
0-2: Strikes out swinging
Batting: RHB Justin Young 0-0: Ball
1-0: Called Strike
1-1: Ground out 5-3 (Groundball, 56S, EV 86.3 MPH)
Top of the 7th over - 1 run, 1 hit, 0 errors, 0 left on base; Mississippi State University 4 - University of Minnesota 0
BOTTOM OF THE 7TH
University of Minnesota Golden Gophers batting - Pitching for Mississippi State University Bulldogs : LHP John Schmidt
Batting: RHB Benjie Alejandro 0-0: Called Strike
0-1: Ball
1-1: Ball
2-1: Foul Ball, location: 2F
2-2: Ball
3-2: Base on Balls
Batting: SHB J.T. Ready 0-0: Fly out, F9 (Flyball, 89D, EV 102.5 MPH)
Batting: RHB Curtis Montgomery 0-0: SINGLE (Groundball, 34D, EV 108.1 MPH)
Benjie Alejandro to second
Runner from 2nd tries for 3rd, SAFE, throw by RF made to third
Batting: RHB Ramiro Vega 0-0: Ball
1-0: Foul Ball, location: 2F
1-1: Foul Ball, location: 2F
1-2: Ball
2-2: TRIPLE (Line Drive, 78XD, EV 103.1 MPH)
Benjie Alejandro scores
Curtis Montgomery scores
Pinch Hitting: RHB Rafael Porter 0-0: Ball
1-0: Ball
2-0: Ball
3-0: Foul Ball, location: 2F
3-1: Base on Balls
Pinch Hitting: LHB Yomas Rodriguez 0-0: Ball
1-0: Swinging Strike
1-1: Ball
2-1: Swinging Strike
2-2: Foul Ball, location: 2F
2-2: Foul Ball, location: 2F
2-2: Strikes out swinging
Batting: RHB Willie Camacho 0-0: Fielders Choice at 2nd, 6-4 (Groundball, 6, EV 97.5 MPH)
Bottom of the 7th over - 2 runs, 2 hits, 0 errors, 2 left on base; Mississippi State University 4 - University of Minnesota 2
TOP OF THE 8TH
Mississippi State University Bulldogs batting - Pitching for University of Minnesota Golden Gophers : RHP Murilo Selo
Pitching: LHP James Reynolds
Now at 2B: Yomas Rodriguez
Now at SS: Fernando Sosa
Batting: LHB Afanasy Zasekin 0-0: SINGLE (Groundball, 34D, EV 100.6 MPH)
Batting: SHB Dylan Best 0-0: Ball
1-0: Bunt missed!
1-1: Bunted foul
1-2: Foul Ball, location: 2F
1-2: Foul Ball, location: 2F
1-2: Ball
2-2: Fly out, F3 (Flyball, 3D, EV 86.3 MPH)
Batting: RHB George Wagner 0-0: Called Strike
0-1: Swinging Strike
0-2: Ball
1-2: Foul Ball, location: 2F
1-2: Fielders Choice at 2nd, 3-6 (Groundball, 34S, EV 87.5 MPH)
Batting: RHB Mike Bearden 0-0: Called Strike
0-1: Ball
George Wagner steals 2nd base
1-1: SINGLE (Line Drive, 8LS, EV 101.9 MPH)
George Wagner to third
Batting: RHB Aaron Barraza 0-0: Swinging Strike
0-1: Foul Ball, location: 2F
0-2: Ball
1-2: Ground out 5-3 (Groundball, 56S, EV 85.6 MPH)
Top of the 8th over - 0 runs, 2 hits, 0 errors, 2 left on base; Mississippi State University 4 - University of Minnesota 2
BOTTOM OF THE 8TH
University of Minnesota Golden Gophers batting - Pitching for Mississippi State University Bulldogs : LHP John Schmidt
Pitching: LHP Jarrett Kelley
Batting: LHB Dean Bloemendal 0-0: Ball
1-0: Ball
2-0: Foul Ball, location: 2F
2-1: Ball
3-1: Ground out 6-3 (Groundball, 6, EV 82.5 MPH)
Batting: RHB Roberto Rios 0-0: Foul Ball, location: 2F
0-1: SINGLE (Groundball, 5S, EV 68.1 MPH) (infield hit)
Batting: RHB Benjie Alejandro 0-0: Ball
1-0: Fly out, F5 (Line Drive, 5, EV 70.0 MPH)
Pinch Hitting: LHB Shohei Nishi 0-0: Ball
1-0: Ball
2-0: Fly out, F9 (Flyball, 9LD, EV 103.8 MPH)
Bottom of the 8th over - 0 runs, 1 hit, 0 errors, 1 left on base; Mississippi State University 4 - University of Minnesota 2
TOP OF THE 9TH
Mississippi State University Bulldogs batting - Pitching for University of Minnesota Golden Gophers : LHP James Reynolds
Pitching: RHP Tucker Perillo
Now in LF: Dean Bloemendal
Now in RF: Shohei Nishi
Batting: RHB Xiao-shuang Au 0-0: Foul Ball, location: 2F
0-1: Foul Ball, location: 2F
0-2: Strikes out swinging
Batting: RHB Alain Marquet 0-0: Called Strike
0-1: Swinging Strike
0-2: Ball
1-2: Ball
2-2: Ground out 6-3 (Groundball, 56, EV 84.4 MPH)
Batting: LHB Dave Carlisle 0-0: Ball
1-0: Fly out, F7 (Flyball, 7LS, EV 86.9 MPH)
Top of the 9th over - 0 runs, 0 hits, 0 errors, 0 left on base; Mississippi State University 4 - University of Minnesota 2
BOTTOM OF THE 9TH
University of Minnesota Golden Gophers batting - Pitching for Mississippi State University Bulldogs : LHP Jarrett Kelley
Pitching: RHP Johnny Hallamore
Now at 2B: Francisco de la Torre
Now at SS: Dave Carlisle
Batting: SHB Mike Garvey 0-0: Foul Ball, location: 2F
0-1: Swinging Strike
0-2: Ball
1-2: Foul Ball, location: 2F
1-2: Ball
2-2: Ball
3-2: DOUBLE (Flyball, 8RXD, EV 101.9 MPH)
Pinch Hitting: RHB Gojko Golob 0-0: Ball
1-0: Ball
2-0: Ball
3-0: Called Strike
3-1: Base on Balls
Pinch Hitting: SHB Willie Balderas 0-0: Called Strike
0-1: Ball
1-1: Ball
2-1: Ball
3-1: Base on Balls
Mike Garvey to third
Gojko Golob to second
Pinch Hitting: RHB Ding-bong He 0-0: Called Strike
0-1: Foul Ball, location: 2F
0-2: Strikes out swinging
Batting: RHB Willie Camacho 0-0: Ball
1-0: Foul Ball, location: 2F
1-1: Ball
2-1: Ball
3-1: Base on Balls
Mike Garvey scores
Gojko Golob to third
Willie Balderas to second
Batting: LHB Dean Bloemendal 0-0: Ball
1-0: Called Strike
1-1: Ball
2-1: Foul Ball, location: 2F
2-2: Foul Ball, location: 2F
2-2: Strikes out swinging
Batting: RHB Roberto Rios 0-0: Foul Ball, location: 2F
0-1: Swinging Strike
0-2: Ball
1-2: Strikes out swinging
Bottom of the 9th over - 1 run, 1 hit, 0 errors, 3 left on base; Mississippi State University 4 - University of Minnesota 3
Thursday, March 31st , 2022 - OOTP Baseball 22.12 Build 89